AoeStats
← Rablebok

Lombardia

507542658Analyzed
4v4 RM · 15d ago on Sep 18, 2026· 51m 51s· 8 players
Game mode
Random Map
Map size
Large (8 player)
Population
200
Speed
Normal
Resources
Standard
Victory
Conquest
Starting age
Dark Age
Ending age
Imperial Age
RankedLock teamsTeams togetherTeam positionsShared explorationLock speedFull tech treeHidden civsTurbo modeCheats
Victory
Defeat
🇳🇴 Goths · Norway
1315
+9
🇳🇴 Chinese · Norway
1285
+10
🇳🇴 Spanish · Norway
1118
+17
🇳🇴 Magyars · Norway
1058
+18
🇩🇪 Cumans · Germany
1159
-14
🇨🇳 Byzantines · China
1149
-14
🇨🇦 Hindustanis · Canada
1147
-14
🇨🇱 Bohemians · Chile
1111
-12
Frak
5:07 Loom
10:35 Feudal Age
11:06 Double-Bit Axe
11:03 Horse Collar
18:41 Castle Age
17:43 Bloodlines
18:28 Scale Barding Armor
18:55 Forging
19:44 Husbandry
19:52 Fletching
22:05 Wheelbarrow
22:31 Light Cavalry
23:00 Town Watch
24:23 Hand Cart
25:06 Chain Barding Armor
25:40 Gold Mining
29:11 Gold Shaft Mining
30:54 Heavy Plow
31:05 Bow Saw
32:29 Iron Casting
32:38 Caravan
33:28 Grand Trunk Road
37:12 Imperial Age
35:21 Stone Mining
36:32 Ballistics
36:23 Masonry
38:57 Chemistry
38:01 Shatagni
38:21 Conscription
37:39 Hussar
38:39 Scale Mail Armor
39:15 Plate Barding Armor
38:36 Bodkin Arrow
39:24 Siege Engineers
41:33 Chain Mail Armor
42:29 Blast Furnace
Dany Sahne
10:47 Feudal Age
14:09 Horse Collar
14:17 Double-Bit Axe
18:13 Loom
20:50 Castle Age
19:53 Scale Barding Armor
20:51 Bloodlines
20:53 Forging
21:50 Bow Saw
21:53 Heavy Plow
25:31 Chain Barding Armor
27:52 Iron Casting
31:38 Caravan
34:25 Wheelbarrow
39:41 Imperial Age
38:20 Fletching
38:57 Ballistics
38:38 Padded Archer Armor
40:55 Parthian Tactics
41:57 Chemistry
42:16 Steppe Husbandry
45:37 Hand Cart
45:10 Town Watch
45:32 Elite Skirmisher
48:14 Bodkin Arrow
48:26 Heavy Cavalry Archer
50:11 Leather Archer Armor
巨炮叔叔
7:48 Loom
10:03 Feudal Age
12:27 Double-Bit Axe
13:14 Horse Collar
15:48 Wheelbarrow
18:19 Castle Age
17:27 Stone Mining
18:51 Fletching
19:05 Padded Archer Armor
25:01 Bodkin Arrow
25:46 Crossbowman
28:58 Hand Cart
28:59 Bow Saw
29:18 Leather Archer Armor
30:14 Thumb Ring
31:21 Gold Mining
32:09 Stone Shaft Mining
34:36 Imperial Age
32:15 Pikeman
32:56 Squires
32:58 Scale Mail Armor
34:25 Ballistics
34:56 Gold Shaft Mining
35:30 Chain Mail Armor
35:40 Conscription
36:29 Chemistry
35:37 Bracer
35:16 Arbalester
37:14 Ring Archer Armor
37:41 Murder Holes
37:58 Fortified Wall
37:20 Halberdier
37:28 Elite Skirmisher
39:05 Plate Mail Armor
38:52 Gambesons
38:54 Arson
40:15 Forging
39:31 Capped Ram
41:16 Elite Cataphract
41:46 Man-at-Arms
42:25 Long Swordsman
43:48 Scale Barding Armor
43:20 Two-Handed Swordsman
43:56 Champion
46:31 Guard Tower
47:54 Chain Barding Armor
49:15 Plate Barding Armor
49:47 Iron Casting
51:42 Logistica
alexitico
11:27 Feudal Age
12:40 Double-Bit Axe
15:37 Castle Age
17:23 Wheelbarrow
17:02 Bow Saw
16:39 Horse Collar
22:33 Loom
30:07 Imperial Age
28:42 Hand Cart
30:03 Scale Mail Armor
30:13 Forging
30:31 Pikeman
33:00 Two-Man Saw
33:35 Padded Archer Armor
33:26 Fletching
33:52 Chain Mail Armor
34:13 Iron Casting
34:41 Man-at-Arms
35:21 Squires
35:07 Arson
36:21 Long Swordsman
38:55 Blast Furnace
38:26 Plate Mail Armor
38:13 Leather Archer Armor
39:15 Two-Handed Swordsman
41:20 Bodkin Arrow
45:25 Ring Archer Armor
44:55 Bracer
44:30 Elite Skirmisher
45:37 Treadmill Crane
46:59 Chemistry
46:13 Halberdier
martinhval
7:05 Loom
11:10 Feudal Age
12:19 Double-Bit Axe
15:07 Castle Age
13:23 Horse Collar
16:30 Bow Saw
16:21 Heavy Plow
21:32 Wheelbarrow
22:38 Hand Cart
25:09 Stone Mining
25:10 Gold Mining
28:57 Imperial Age
27:54 Stone Shaft Mining
28:01 Scale Mail Armor
28:11 Forging
28:54 Squires
28:15 Pikeman
29:12 Chain Mail Armor
29:29 Anarchy
30:08 Iron Casting
30:16 Conscription
30:06 Halberdier
31:04 Guilds
32:26 Two-Man Saw
31:56 Crop Rotation
31:35 Perfusion
32:46 Blast Furnace
32:11 Town Watch
32:41 Masonry
33:10 Elite Huskarl
33:43 Fletching
34:44 Man-at-Arms
35:22 Bodkin Arrow
35:59 Architecture
36:31 Chemistry
35:10 Long Swordsman
36:14 Two-Handed Swordsman
36:45 Champion
39:15 Bracer
39:37 Ballistics
45:23 Caravan
45:54 Coinage
46:57 Town Patrol
51:48 Banking
Ulven aldri mett
1:57 Loom
11:28 Feudal Age
18:41 Castle Age
17:38 Scale Barding Armor
18:31 Bloodlines
19:23 Double-Bit Axe
19:40 Horse Collar
24:37 Wheelbarrow
24:46 Town Watch
29:30 Bow Saw
38:09 Imperial Age
38:21 Chain Barding Armor
38:05 Husbandry
38:10 Cavalier
43:49 Gold Mining
44:17 Hand Cart
45:23 Corvinian Army
46:12 Elite Magyar Huszar
49:55 Plate Barding Armor
51:22 Heavy Plow
50:58 Paladin
Rablebok
0:27 Loom
10:50 Feudal Age
11:59 Double-Bit Axe
16:14 Wheelbarrow
16:57 Fletching
20:48 Castle Age
19:19 Horse Collar
19:32 Gold Mining
20:03 Padded Archer Armor
20:58 Crossbowman
21:35 Bodkin Arrow
22:15 Bow Saw
23:16 Heavy Plow
27:00 Hand Cart
27:32 Ballistics
27:34 Thumb Ring
31:27 Stone Mining
31:56 Leather Archer Armor
34:30 Imperial Age
34:37 Imperial Age
33:18 Stone Shaft Mining
32:48 Scale Mail Armor
32:43 Town Watch
34:05 Chain Mail Armor
33:13 Pikeman
33:53 Squires
34:40 Arbalester
36:01 Bracer
37:31 Two-Man Saw
37:35 Chemistry
37:39 Forging
40:01 Capped Ram
41:59 Siege Ram
44:25 Masonry
44:48 Ring Archer Armor
44:49 Plate Mail Armor
44:55 Iron Casting
46:15 Architecture
45:31 Halberdier
45:58 Arson
50:54 Conscription
Lance
7:08 Loom
11:08 Feudal Age
20:25 Castle Age
18:19 Horse Collar
18:25 Double-Bit Axe
19:02 Scale Barding Armor
19:08 Forging
19:30 Bloodlines
19:55 Gold Mining
20:08 Stone Mining
21:44 Husbandry
24:11 Fletching
27:24 Wheelbarrow
30:01 Chain Barding Armor
30:11 Bow Saw
30:11 Heavy Plow
31:34 Iron Casting
33:17 Hand Cart
36:04 Imperial Age
33:23 Town Watch
36:23 Caravan
36:09 Cavalier
37:29 Plate Barding Armor
37:55 Blast Furnace
38:36 Two-Man Saw
38:28 Paladin
41:11 Fletching
49:30 Hoardings
Connection lost

Rejoining the realm…

Still unreachable

The connection could not be restored.

Session expired

The server has moved on; the page needs a fresh start.